 Dungeon Crawl Stone Soup version 0.25-a0-178-gc9f82b1288 (webtiles) character file.

Game seed: 5311044610787176339, levelgen mode: deterministic

26 vurker the Gusty (level 3, 20/20 HPs)
             Began as a Tengu Air Elementalist on Nov 26, 2019.
             Got out of the dungeon alive.
             The game lasted 00:01:11 (1111 turns).

vurker the Gusty (Tengu Air Elementalist)           Turns: 1111, Time: 00:01:11

Health: 20/20      AC:  2    Str:  8    XL:     3   Next: 8%
Magic:  7/7        EV: 10    Int: 16    God:
Gold:   45         SH:  0    Dex: 14    Spells: 5/6 levels left

rFire    . . .     SeeInvis .   (no weapon)
rCold    . . .     Gourm    +   (no shield)
rNeg     . . .     Faith    .   a - +0 robe
rPois    .         Spirit   .   (helmet restricted)
rElec    .         Reflect  .   (no cloak)
rCorr    .         Harm     .   (no gloves)
MR       .....                  (boots unavailable)
Stlth    ++........             g - amulet of the gourmand
HPRegen  0.06/turn              f - -2 ring of evasion (curse)
MPRegen  0.10/turn              (no ring)

@: no status effects
A: beak, talons 3
a: no special abilities


You escaped.
You were not hungry.

You visited 1 branch of the dungeon, and saw 1 of its levels.

You collected 45 gold pieces.

Inventory:

Armour
 a - a +0 robe (worn)
Jewellery
 f - a cursed -2 ring of evasion (left hand)
   (You found it on level 1 of the Dungeon)
 g - an amulet of the gourmand (around neck)
   (You found it on level 1 of the Dungeon)
Scrolls
 d - a scroll of enchant weapon
Potions
 c - a potion of haste {unknown}
Comestibles
 e - 4 rations


   Skills:
 + Level 0.5 Fighting
 - Level 2.1 Dodging
 - Level 2.0 Stealth
 * Level 2.4 Spellcasting
 * Level 2.3 Conjurations
 * Level 4.5 Air Magic


You had 5 spell levels left.
You knew the following spells:

 Your Spells              Type           Power        Failure   Level  Hunger
a - Shock                 Conj/Air       ##..         4%          1    #......

Your spell library contained the following spells:

 Spells                   Type           Power        Failure   Level  Hunger
 Swiftness                Chrm/Air       #.......     12%         2    ###....
 Static Discharge         Conj/Air       ##......     14%         3    ###....
 Airstrike                Air            ###.......   30%         4    #####..
 Lightning Bolt           Conj/Air       ##........   80%         5    ######.


Dungeon Overview and Level Annotations

Branches:
Dungeon (1/15)

Altars:


Innate Abilities, Weirdness & Mutations

You have a beak for a mouth.
You have claws for feet.


Message History

b - a chunk of flesh You see here a leopard gecko skeleton. x2
Eating a chunk of flesh.
You eat the chunk of flesh.
This raw flesh is not very appetising.
You now have 14 gold pieces (gained 4).
You see here 11 bolts.
Found 7 gold pieces.
You now have 21 gold pieces (gained 7).
A bat comes into view.
A bat is nearby!
A bat is nearby!
Aim: a bat (resting)
The zap hits the bat.
You kill the bat!
You can't see any susceptible monsters within range! (Use Z to cast anyway.)
You can't see any susceptible monsters within range! (Use Z to cast anyway.)
You open the door.
Found 2 rations and 12 gold pieces.
Found 12 gold pieces.
There is an open door here.
You now have 33 gold pieces (gained 12).
You can't see any susceptible monsters within range! (Use Z to cast anyway.)
You can't see any susceptible monsters within range! (Use Z to cast anyway.)
e - 3 rations (gained 1)
e - 4 rations (gained 1)
You now have 45 gold pieces (gained 12).
There is an open door here.
Found a scroll labeled COUNOI ZANG.
b - a scroll labeled COUNOI ZANG As you open the door, it creaks loudly!
There is an open door here.
Found a stone staircase leading down.
There is a stone staircase leading down here.
Done exploring.
Done exploring.
Done exploring.
Done exploring.
As you read the scroll labeled COUNOI ZANG, it crumbles to dust.
It is a scroll of amnesia.
Really abort (and waste the scroll)? [Y]es or [N]o only, please.
Really abort (and waste the scroll)?
Okay, then.
Things that are here:
a +0 club; a robe
There is a staircase leading out of the dungeon here.
Are you sure you want to leave the Dungeon?
This will make you lose the game!
Alright, then stay!
Are you sure you want to leave the Dungeon?
This will make you lose the game!
You have escaped!

........##.#..#........รท##
...............#..#####..###
#########..#...#...........#
#...####......##...#
#............####(.#
#########............##.##.#
............###.##.....##..#
#....#.....##.....#........#
#....#....#.....@.##.......#
#....#.....##.....#........#
............###)##.....##..#
.......>##...........##.##.#
######...............####..#
#..#...####......##...#
#..##.#...#..###....###
#..##.....#..# ######
#..#..#..#...#


There were no monsters in sight!

Vanquished Creatures
  A dart slug (D:1)
  A leopard gecko (D:1)
  2 giant cockroaches (D:1)
  2 goblins (D:1)
  6 hobgoblins (D:1)
  4 bats (D:1)
  4 frilled lizards (D:1)
  A kobold (D:1)
  A rat (D:1)
22 creatures vanquished.

Notes
Turn   | Place    | Note
-------+----------+-------------------------------------------
     0 | D:1      | vurker the Tengu Air Elementalist began the quest for the
                  | Orb.
     0 | D:1      | Reached XP level 1. HP: 10/10 MP: 4/4
   188 | D:1      | Reached XP level 2. HP: 15/15 MP: 1/6
   872 | D:1      | Reached XP level 3. HP: 20/20 MP: 4/7
  1111 | D:$      | Got out of the dungeon alive.

Levels and vault maps discovered:
D:1:      erik_arrival_blinker_ship, layout_basic

Skill      XL: |  1  2 |
---------------+-------+-----
Conjurations   | 2 |  2.3
Fighting       | |  0.5
Dodging        | |  2.1
Stealth        | |  2.0
Spellcasting   | |  2.4
Air Magic      | |  4.5

Action                   || total
-------------------------++-------
Melee: Unarmed           ||     6
       Kick              ||     1
       Peck              ||     1
 Cast: Shock             ||    41
  Use: Scroll            ||     3
  Eat: Chunk             ||     7
Armor: Robe              ||     1
Dodge: Dodged            ||     8

Table legend:
 A = Non-vault XP
 B = Vault XP
 C = Vault XP percentage of total XP
 D = Non-vault monster count
 E = Vault monster count
 F = Vault count percentage of total count
                 A         B        C        D         E       F
            +---------+---------+-------+---------+---------+-------
      Total |      38 |       0 |   0.0 |      22 |       0 |   0.0
            +---------+---------+-------+---------+---------+-------
        D:1 |      38 |       0 |   0.0 |      22 |       0 |   0.0
            +---------+---------+-------+---------+---------+-------
